[Event "CHN-ch Open 2019"]
[Site "Xinghua"]
[Date "2019.05.11"]
[Round "1.6"]
[White "Bai, Jinshi"]
[Black "Xu, Yinglun"]
[Result "1/2-1/2"]
[ECO "E06"]
[WhiteElo "2605"]
[BlackElo "2528"]
[Annotator "RC"]
[PlyCount "58"]
[EventDate "2019.05.11"]
[EventType "tourn"]
[EventCountry "CHN"]
[SourceTitle "playchess.com"]
[Source "ChessBase"]
[SourceQuality "1"]
[TimeControl "5400+30"]

1. d4 d5 2. c4 e6 3. Nc3 Be7 4. Nf3 Nf6 5. g3 O-O 6. Bg2 dxc4 7. Ne5 c5 8. dxc5 Qxd1+ 9. Nxd1 Bxc5 10. Bd2 Nc6 11. Nxc4 Bd7 12. Rc1 Rac8 13. Nc3 Rfd8 14. O-O Be7 15. b3 Be8 16. Rfd1 b6 17. Be1 Rxd1 18. Rxd1 Rd8 19. Rxd8 Nxd8 20. f4 Kf8 21. e4 Bc5+ 22. Bf2 Bb4 23. Be1 Bc5+ 24. Bf2 Bb4 25. Be1 Bc5+ 26. Bf2 Bb4 27. Be1 Bc5+ 28. Bf2 Bb4 29. Be1 Bc5+ 1/2-1/2

[Event "CHN-ch Open 2019"]
[Site "Xinghua"]
[Date "2019.05.15"]
[Round "5.2"]
[White "Zhao, Yuanhe"]
[Black "Lu, Shanglei"]
[Result "0-1"]
[ECO "A05"]
[WhiteElo "2437"]
[BlackElo "2606"]
[Annotator "RC"]
[PlyCount "102"]
[EventDate "2019.05.11"]
[EventType "tourn"]
[EventCountry "CHN"]
[SourceTitle "playchess.com"]
[Source "ChessBase"]
[SourceQuality "1"]
[TimeControl "5400+30"]

1. Nf3 Nf6 2. g3 b5 3. Bg2 Bb7 4. O-O g6 5. b3 Bg7 6. Bb2 c5 7. c4 Qb6 8. Nc3 bxc4 9. bxc4 O-O 10. Rb1 Qa6 11. Ba3 d6 12. Rxb7 Qxb7 13. Ne5 Qa6 14. Qc1 dxe5 15. Bxa8 Qxc4 16. Bf3 Nbd7 17. Qc2 Rb8 18. Rc1 e6 19. Qa4 Qxa4 20. Nxa4 Bf8 21. d3 Rb5 22. Nc3 Ra5 23. Bb2 Nb6 24. g4 Bd6 25. g5 Nfd5 26. Ne4 Rxa2 27. Ba1 Bc7 28. Nxc5 Kf8 29. e3 Ke7 30. Ne4 Nd7 31. h4 a5 32. d4 Bb6 33. dxe5 Nxe3 34. Nf6 Nf5 35. Rd1 Nb8 36. Rb1 Bxf2+ 37. Kh1 Bc5 38. Rb7+ Kd8 39. Rxb8+ Kc7 40. Rb7+ Kc8 41. Bb2 a4 42. Ne4 a3 43. Bxa3 Rxa3 44. Nxc5 Rxf3 45. Ra7 Rf4 46. Kg1 Nxh4 47. Kh2 Nf3+ 48. Kg3 Rf5 49. Ne4 Kb8 50. Re7 Nxg5 51. Nf6 Kc8 0-1

[Event "CHN-ch Open 2019"]
[Site "Xinghua"]
[Date "2019.05.15"]
[Round "5.4"]
[White "Bai, Jinshi"]
[Black "Xu, Yi"]
[Result "1-0"]
[ECO "E51"]
[WhiteElo "2605"]
[BlackElo "2546"]
[Annotator "RC"]
[PlyCount "81"]
[EventDate "2019.05.11"]
[EventType "tourn"]
[EventCountry "CHN"]
[SourceTitle "playchess.com"]
[Source "ChessBase"]
[SourceQuality "1"]
[TimeControl "5400+30"]

1. d4 Nf6 2. c4 e6 3. Nf3 d5 4. Nc3 Bb4 5. Qa4+ Nc6 6. e3 O-O 7. Qc2 dxc4 8. Bxc4 Bd6 9. O-O e5 10. h3 a6 11. a3 b5 12. Ba2 Bb7 13. d5 Ne7 14. e4 Rc8 15. Rd1 h6 16. Be3 Ng6 17. Qe2 Qe7 18. g3 c5 19. dxc6 Bxc6 20. Nd5 Bxd5 21. Bxd5 Bc5 22. Rac1 Bxe3 23. Qxe3 Nxd5 24. Rxd5 Qe6 25. Rxc8 Rxc8 26. Kg2 Kh7 27. Qa7 Rc1 28. Qd7 Qxd7 29. Rxd7 Rc2 30. Rxf7 Rxb2 31. h4 Rb3 32. h5 Nh8 33. Ra7 Rxa3 34. Nh4 Kg8 35. Ra8+ Kh7 36. Ra7 Kg8 37. Nf5 Nf7 38. Ne7+ Kh7 39. Ng6 Nh8 40. Nf8+ Kg8 41. Ne6 1-0

[Event "CHN-ch Open 2019"]
[Site "Xinghua"]
[Date "2019.05.19"]
[Round "8.2"]
[White "Xu, Yi"]
[Black "Peng, Xiongjian"]
[Result "0-1"]
[ECO "C41"]
[WhiteElo "2546"]
[BlackElo "2451"]
[Annotator "RC"]
[PlyCount "160"]
[EventDate "2019.05.11"]
[EventType "tourn"]
[EventCountry "CHN"]
[SourceTitle "playchess.com"]
[Source "ChessBase"]
[SourceQuality "1"]
[TimeControl "5400+30"]

1. e4 d6 2. d4 Nf6 3. Nc3 Nbd7 4. Nf3 e5 5. Bc4 Be7 6. O-O O-O 7. Re1 c6 8. a4 a5 9. h3 h6 10. Ba2 Re8 11. dxe5 dxe5 12. Be3 Bb4 13. Qd3 Qe7 14. Nh4 Nc5 15. Bxc5 Bxc5 16. Qf3 Nh7 17. Rad1 Be6 18. Bxe6 Qxe6 19. Nf5 Rad8 20. Rxd8 Rxd8 21. Rd1 Qf6 22. Rd3 Rxd3 23. Qxd3 Nf8 24. Ne2 h5 25. Qg3 Ne6 26. Qf3 Ng5 27. Qd3 g6 28. Ne3 Kg7 29. h4 Ne6 30. g3 Bxe3 31. Qxe3 Qd8 32. Nc3 Qd4 33. Kg2 Nc5 34. Kf3 Ne6 35. b3 Kf6 36. Ke2 Qb4 37. Kd1 Nd4 38. Ne2 Ne6 39. Nc1 b5 40. Nd3 Qc3 41. Qd2 Qa1+ 42. Qc1 Qd4 43. Qe3 Qa1+ 44. Qc1 Qa2 45. Qb2 Qxb2 46. Nxb2 Nc5 47. f3 Ke6 48. Kd2 Kd6 49. Kc3 f5 50. Nd3 Ne6 51. exf5 gxf5 52. f4 exf4 53. gxf4 bxa4 54. bxa4 Nc5 55. Ne5 Nxa4+ 56. Kd4 c5+ 57. Kc4 Nb2+ 58. Kb3 Nd1 59. Ka4 Kd5 60. Nd7 Ke4 61. Nf6+ Kxf4 62. Nxh5+ Kg4 63. Ng7 Nc3+ 64. Kb3 Ne4 65. h5 f4 66. h6 Nf6 67. Ne8 Kg5 68. Nd6 f3 69. Ne4+ Nxe4 70. h7 f2 71. h8=Q f1=Q 72. Qd8+ Kf4 73. Qf8+ Ke3 74. Qh6+ Qf4 75. Qh3+ Qf3 76. Qh6+ Kd4+ 77. Ka4 Nc3+ 78. Kxa5 Qa8+ 79. Kb6 Nd5+ 80. Kb5 Nc7+ 0-1

[Event "CHN-ch Open 2019"]
[Site "Xinghua"]
[Date "2019.05.20"]
[Round "9.2"]
[White "Bai, Jinshi"]
[Black "Zhao, Yuanhe"]
[Result "1-0"]
[ECO "A49"]
[WhiteElo "2605"]
[BlackElo "2437"]
[Annotator "ChessBase"]
[PlyCount "105"]
[EventDate "2019.05.11"]
[EventType "tourn"]
[EventCountry "CHN"]
[SourceTitle "playchess.com"]
[Source "ChessBase"]
[SourceQuality "1"]
[TimeControl "5400+30"]

1. d4 Nf6 2. Nf3 g6 3. g3 Bg7 4. Bg2 O-O 5. O-O c5 6. dxc5 Na6 7. Be3 Qc7 8. Nc3 Nxc5 9. Nb5 Qb6 10. a4 Ng4 11. Bd4 Bxd4 12. Qxd4 d6 13. b4 Nxa4 14. c4 Qxd4 15. Nfxd4 Nb6 16. c5 dxc5 17. bxc5 Nd7 18. c6 e5 19. Nc7 exd4 20. cxd7 Bxd7 21. Nxa8 Rxa8 22. Bxb7 Re8 23. Rxa7 Bb5 24. Bd5 Nh6 25. Rd1 Rxe2 26. Rxd4 Re1+ 27. Kg2 Bf1+ 28. Kf3 Re5 29. g4 Bh3 30. Ba2 Rg5 31. Raa4 Kg7 32. Kg3 Bxg4 33. Rxg4 Nxg4 34. Rxg4 Ra5 35. Bc4 Ra3+ 36. f3 Ra7 37. Rd4 h6 38. Rd6 Ra4 39. Rc6 Ra7 40. Kf4 Kf8 41. Ke5 Kg7 42. Bd5 h5 43. Rb6 Re7+ 44. Kd4 Re2 45. Rb7 Rxh2 46. Rxf7+ Kh6 47. Ke5 h4 48. Kf6 Rg2 49. Rc7 Rd2 50. Rc8 Kh7 51. Bg8+ Kh6 52. Be6 Kh7 53. Rc4 1-0